 Dungeon Crawl Stone Soup version 0.30-b1-2-g02819fbbbe (webtiles) character file.

Game seed: 13012561586027383819

2335095 emiel the Slayer (level 26, 318/381 HPs)
             Began as a Minotaur Berserker on Jan 8, 2024.
             Was a High Priest of Trog.
             Escaped with the Orb
             ... and 4 runes!
             The game lasted 01:27:19 (68274 turns).

emiel the Slayer (Minotaur Berserker)              Turns: 68274, Time: 01:27:20

Health: 318/381    AC: 39    Str: 33 (34) XL:     26   Next: 17%
Magic:  22/22      EV: 18    Int:  3 (4)  God:    Trog [*****.]
Gold:   3450       SH: 30    Dex: 16      Spells: 25/25 levels left

rFire   + + +        n - +9 broad axe (freeze)
rCold   + + .        M - +2 tower shield {rF+}
rNeg    + + +        j - +4 gold dragon scales
rPois   +            I - +2 hat {SInv}
rElec   +            v - +2 cloak "Coroaheh" {Will+}
rCorr   +            Y - +2 pair of gloves {Str+3}
SInv    +            F - +2 pair of boots
Will    ++...        K - amulet of reflection Stlth
                     q - ring "Yvoysey" {rN+++ rCorr Stlth-}
HPRegen 0.83/turn    x - ring of Xaigazi {Wiz rElec rF+ rC+ Dex+3}
MPRegen 0.18/turn

%: reflection, wizardry (x1)
@: berserking, very quick
A: horns 2, retaliatory headbutt, iridescent scales 1, deformed body, mutation
resistance 1
0: Orb of Zot
}: 4/15 runes: serpentine, barnacled, silver, abyssal
a: Renounce Religion, Berserk, Trog's Hand, Brothers in Arms


You escaped.
You worshipped Trog.
Trog was extremely pleased with you.
You visited 10 branches of the dungeon, and saw 48 of its levels.
You visited the Abyss 3 times.
You also visited: Gauntlet and Ice Cave.

You collected 8582 gold pieces.
You spent 5132 gold pieces at shops.

Inventory:

Hand Weapons
 g - a +6 broad axe of venom
 n - a +9 broad axe of freezing (weapon)
Missiles
 w - 4 throwing nets
 D - 13 curare-tipped darts
 P - 22 javelins
 T - 9 silver javelins (quivered)
Armour
 j - +4 gold dragon scales (worn)
 v - the +2 cloak "Coroaheh" (worn) {Will+}
   (You found it in a Gauntlet)

   Will:      It increases your willpower.
 F - a +2 pair of boots (worn)
 I - a +2 hat of see invisible (worn)
 M - a +2 tower shield of fire resistance (worn)
 Y - a +2 pair of gloves of strength (worn)
Jewellery
 l - the ring of Zani Zim {rElec rPois rN+ Will+}
   (You took it off a necromancer in an ice cave)

   [ring of positive energy]

   rElec:     It insulates you from electricity.
   rPois:     It protects you from poison.
   rN:        It protects you from negative energy.
   Will:      It increases your willpower.
 q - the ring "Yvoysey" (left hand) {rN+++ rCorr Stlth-}
   (You bought it in a shop on level 1 of the Vaults)

   [ring of resist corrosion]

   rN:        It renders you almost immune to negative energy.
   rCorr:     It protects you from acid and corrosion.
   Stlth:     It makes you less stealthy.
 x - the ring of Xaigazi (right hand) {Wiz rElec rF+ rC+ Dex+3}
   (You found it on level 4 of the Lair of Beasts)

   [ring of wizardry]

   It improves your spell success rate.
   Dex:       It affects your dexterity (+3).
   rF:        It protects you from fire.
   rC:        It protects you from cold.
   rElec:     It insulates you from electricity.
 K - an amulet of reflection (around neck)
 O - a +4 ring of slaying
 V - the ring of Twilight {rPois EV+5 Int+3 Dex+3}
   (You found it on level 3 of the Vaults)

   [ring of evasion]

   EV:        It affects your evasion (+5).
   Int:       It affects your intelligence (+3).
   Dex:       It affects your dexterity (+3).
   rPois:     It protects you from poison.
 W - the ring of Xeivuv {rCorr Int+2 Stlth+}
   (You took it off a yaktaur on level 5 of the Vaults)

   [ring of resist corrosion]

   Int:       It affects your intelligence (+2).
   rCorr:     It protects you from acid and corrosion.
   Stlth:     It makes you more stealthy.
Wands
 s - a wand of paralysis (51)
 C - a wand of polymorph (23)
 G - a wand of digging (17)
 J - a wand of roots (37)
 N - a wand of mindburst (40)
 R - a wand of flame (24)
 X - a wand of acid (27)
Scrolls
 a - 9 scrolls of fog
 b - 4 scrolls of magic mapping
 c - 17 scrolls of teleportation
 o - 6 scrolls of immolation
 p - 4 scrolls of torment
 u - 38 scrolls of identify
 y - 7 scrolls of poison
 E - 6 scrolls of fear
 H - 2 scrolls of vulnerability
 S - 2 scrolls of blinking
 Z - 2 scrolls of enchant weapon
Potions
 d - 2 potions of mutation
 e - 5 potions of magic
 f - 8 potions of ambrosia
 h - 2 potions of haste
 i - 16 potions of curing
 k - 10 potions of might
 m - 3 potions of invisibility
 t - 8 potions of resistance
 z - 10 potions of heal wounds
 A - 12 potions of flight
 B - 3 potions of berserk rage
 L - 9 potions of lignification
 U - 2 potions of cancellation
Miscellaneous
 r - a lightning rod (4/4)
 Q - a condenser vane


   Skills:
 + Level 24.1 Fighting
 - Level 18.0 Axes
 + Level 19.4 Throwing
 + Level 23.9 Armour
 + Level 23.8 Dodging
 + Level 21.6 Shields
 + Level 17.9 Evocations


You had 25 spell levels left.
You didn't know any spells.
Your spell library was empty.

Dungeon Overview and Level Annotations

Branches:
Dungeon (15/15)            Temple (1/1) D:7            Lair (5/5) D:8
 Shoals (4/4) Lair:2        Snake (4/4) Lair:3        Slime (0/5) Lair:5
    Orc (2/2) D:10            Elf (3/3) Orc:2        Vaults (5/5) D:14
  Crypt (0/3) Vaults:3     Depths (4/4) D:15            Zot (5/5) Depths:4
  IceCv (visited)         Gauntlet (visited)

Altars:
Cheibriados
Dithmenos
Fedhas
Hepliaklqana
Kikubaaqudgha
Nemelex Xobeh
Okawaru
Qazlal
Ru
Sif Muna
Trog
Uskayaw
Vehumet
Wu Jian
Xom
Yredelemnul
The Shining One
Jiyva

Shops:
D:11 :   Orc:2 *((=*   Elf:1 [   Elf:2 :   Elf:3 :   Snake:4 ([*   Vaults:1 =[
Vaults:3 *   Vaults:4 ?   Depths:3 [

Portals:
Hell: Depths:1 Depths:2 Depths:3 Depths:4
Abyss: Depths:1 Depths:3
Pandemonium: Depths:2
Ziggurat: Depths:3

Annotations:
D:4 exclusion: 2 goblins
Lair:1 1 runed translucent door, Phaedo's ghost, novice AtWr
Orc:1 3 runed translucent doors, Favehy's ghost, journeyman MiMo
Elf:1 Mayja's ghost, veteran DDBe
Elf:2 36 runed doors, exclusion: 36 doors
Zot:3 2 transporters
Zot:4 1 transporter


Innate Abilities, Weirdness & Mutations

You have a pair of horns on your head.
You reflexively headbutt those who attack you in melee.
You are partially covered in iridescent scales. (AC +2)
Armour fits poorly on your strangely shaped body.
You are somewhat resistant to further mutation.


Message History

You feel yourself moving faster!
You feel mighty! The Hell Sentinel gestures at you.
You block iron shot... and reflect it back!
The iron shot hits the Hell Sentinel!
You cut the Hell Sentinel into ribbons!!!
You headbutt the Hell Sentinel!!
The Hell Sentinel is heavily wounded.
You hit the Hell Sentinel but do no damage.
You headbutt the Hell Sentinel, but do no damage.
The Hell Sentinel is heavily wounded.
You hit the Hell Sentinel but do no damage.
You headbutt the Hell Sentinel!
The Hell Sentinel is heavily wounded.
The Hell Sentinel misses you. You block the Hell Sentinel's attack.
You hit the Hell Sentinel but do no damage.
The Hell Sentinel is heavily wounded.
You hit the Hell Sentinel.
You headbutt the Hell Sentinel, but do no damage.
The Hell Sentinel is heavily wounded.
The Hell Sentinel barely misses you. The Hell Sentinel misses you.
You slice the Hell Sentinel!!
The Hell Sentinel is severely wounded.
You completely miss the Hell Sentinel. You headbutt the Hell Sentinel!
The Hell Sentinel is severely wounded.
The Hell Sentinel gestures at you.
You block iron shot... and reflect it back!
The iron shot hits the Hell Sentinel!
You slash the Hell Sentinel!
The Hell Sentinel is almost dead.
You slash the Hell Sentinel!
You headbutt the Hell Sentinel, but do no damage.
The Hell Sentinel is almost dead.
The Hell Sentinel gestures at you.
The sphere of damnation explodes!
The damnation engulfs you!
The damnation engulfs the Hell Sentinel.
The Hell Sentinel completely resists.
You slash the Hell Sentinel!
You kill the Hell Sentinel!
Trog accepts your kill.
You have escaped!

#.# #.#.####.........#
######.####.#.#
#######...######
............#.#
#...#.........
.......#.#..#.#
#.8.#>..######
.####.###.....# #...#...#
.# ##.#.#....#######+###..#
.# ##.###...##.##.....'..#
.# #.#######...#.....#..#
.#
#.......#.@.'..⌠..#..######
.#
#########...#.....#........
.#######
##.##.....'.##.####
.......# #.####+###.##....)
.......# #.# #...##.#######
######## #.# #.8.##.####
#.# #...##....# #.#
#########.# #.# #.# #.#


There were no monsters in sight!

Vanquished Creatures
  5 ancient liches
  4 orbs of fire (Zot:5)
  Mennas (Depths:4)
  3 juggernauts
  Mara (Snake:4)
  Vv (Zot:3)
  A Killer Klown (Zot:5)
  Frederick (Vaults:4)
  2 caustic shrikes (Depths:4)
  7 golden dragons
  Vashnia (Snake:3)
  A profane servitor (Abyss:4)
  2 Tzitzimimeh
  A bone dragon (Abyss:4)
  A shard shrike zombie (Abyss:3)
  3 electric golems
  A Hell Sentinel (D:1)
  17 tentacled monstrosities
  24 Orb Guardians
  3 liches
  3 deep elf master archers (Elf:3)
  A kraken (Shoals:1)
  9 quicksilver dragons
  A deep elf blademaster (Elf:3)
  3 tentacled starspawn
  The ghost of Ravumij the Imperceptible, an adept SpEn of Gozag (Elf:1)
  13 death cobs
  3 titans
  Gastronok (D:9)
  Polyphemus (Shoals:2)
  6 sphinxes
  13 storm dragons
  Kirke (Lair:5)
  4 tengu reavers
  8 shadow dragons
  10 nagarajas
  5 draconian monks
  4 draconian knights
  The ghost of emiel the Severer, an adept DsBe of Trog (Elf:1)
  10 fire giants
  A rockslime (Zot:5)
  A frost giant (shapeshifter) (Vaults:5)
  18 vault wardens
  An iron dragon (Vaults:5)
  Aizul (Snake:4)
  14 deep elf sorcerers
  7 frost giants
  5 spectral caustic shrikes (Depths:1)
  A balrug (Zot:4)
  4 draconian scorchers
  2 deep elf elementalists
  A ghost moth (Zot:5)
  2 draconian stormcallers
  4 draconian shifters
  2 cacodemons
  3 spriggan defenders
  18 ironbound preservers
  4 draconian annihilators
  32 very ugly things
  15 stone giants
  A reaper (Abyss:3)
  2 war gargoyles (Vaults:5)
  12 ironbound thunderhulks
  10 green draconians
  6 deep elf demonologists
  The ghost of vlam the Severer, a journeyman HOFi of Beogh (Elf:1)
  12 deep elf annihilators
  9 black draconians
  Azrael (Orc:1)
  9 white draconians
  15 dire elephants
  8 yellow draconians
  A minotaur (Gauntlet)
  9 red draconians
  9 ettins
  8 purple draconians
  Snorg (Lair:4)
  9 deep elf death magi
  5 merfolk javelineers (Shoals:4)
  A green death (Abyss:3)
  2 entropy weavers (Vaults:3)
  10 merfolk impalers
  3 jiangshi (Depths:1)
  12 yaktaur captains
  15 hydras
  15 fire dragons
  9 deep elf high priests
  10 great orbs of eyes
  2 ogre magi
  46 vault guards
  12 ice dragons
  3 salamander tyrants (Snake:4)
  A rakshasa (Depths:3)
  4 spriggan air magi
  2 alligator snapping turtles
  5 two-headed ogres
  7 ironbound frosthearts
  A merfolk avatar (Shoals:1)
  10 centaur warriors
  18 anacondas
  4 boulder beetles
  14 dancing weapons
  5 merfolk aquamancers (Shoals:4)
  18 naga warriors
  2 catoblepae
  2 vampire magi
  4 deep troll earth magi
  10 deep troll shamans
  A titan zombie (Abyss:3)
  5 death yaks
  4 hell hogs
  2 orc high priests
  13 naga sharpshooters
  9 tengu warriors
  Urug (Lair:3)
  5 spriggan berserkers
  2 thrashing horrors (Abyss:4)
  8 hell knights
  10 deep elf knights
  A wretched star (Abyss:4)
  8 shock serpents
  5 spriggans
  Sonja (Lair:1)
  11 skysharks
  A soul eater (Depths:2)
  7 iron trolls
  A fire crab (D:15)
  5 salamander mystics
  63 deep trolls
  A sixfirhy (Abyss:3)
  6 sea snakes
  A spatial maelstrom (Abyss:3)
  6 glowing orange brains
  A tengu zombie (Vaults:5)
  12 ironbound convokers
  7 lindwurms
  An obsidian statue (Vaults:3)
  A swamp dragon (Lair:5)
  8 deep elf archers
  6 naga ritualists
  5 phantasmal warriors
  11 wizards
  11 orc knights
  7 mana vipers
  33 harpies
  8 necromancers
  25 deep elf pyromancers
  An orc sorcerer (Orc:1)
  14 salamanders
  22 manticores
  38 ugly things
  A manticore (shapeshifter) (Vaults:5)
  20 deep elf zephyrmancers
  7 cyclopes
  8 guardian serpents
  26 moths of wrath
  2 worldbinders
  6 water nymphs
  5 fauns (Shoals:1)
  5 elephants (Lair:5)
  A water nymph (shapeshifter) (Elf:3)
  5 merfolk sirens
  A stone giant skeleton (Vaults:4)
  38 black mambas
  18 naga magi
  22 vault sentinels
  2 orange demons (Abyss:3)
  An ice statue (IceCv)
  6 torpor snails
  9 large abominations
  3 smoke demons
  Joseph (D:9)
  A gargoyle (D:13)
  4 rime drakes
  Maggie (D:7)
  8 cane toads
  Psyche (D:9)
  A kobold demonologist (D:11)
  An unseen horror zombie (D:10)
  2 tormentors
  7 unseen horrors
  4 anaconda simulacra (IceCv)
  2 efreet
  8 komodo dragons
  8 freezing wraiths
  43 yaktaurs
  16 ice devils
  A tengu conjurer (Depths:4)
  An ancient zyme (Abyss:4)
  6 trolls
  A shadow dragon simulacrum (Vaults:5)
  6 wind drakes
  4 tyrant leeches (Lair:5)
  26 merfolk
  13 hornets
  13 raiju
  21 blink frogs
  A hellwing (Depths:2)
  8 dream sheep
  16 snapping turtles
  A human simulacrum (Vaults:4)
  A stone giant simulacrum (Vaults:4)
  2 centaur simulacra (Gauntlet)
  6 flying skulls (Abyss:4)
  4 shadows
  A meliai zombie (D:10)
  15 slime creatures
  6 vampires
  4 ynoxinuls
  13 water elementals
  3 wyverns
  A culicivora (Vaults:3)
  5 air elementals
  2 fire bats (Depths:3)
  2 elf zombies
  4 wraiths
  7 basilisks
  5 fire elementals
  7 golden eyes
  2 redbacks (Vaults:3)
  A golden eye (shapeshifter) (D:14)
  51 yaks
  4 hogs (Lair:5)
  A yaktaur simulacrum (Vaults:3)
  Grum (D:9)
  4 neqoxecs
  A redback (shapeshifter) (Vaults:3)
  5 steam dragons
  4 vampire mosquitoes (D:12)
  A two-headed ogre zombie (D:10)
  5 chaos spawn
  A glowing shapeshifter zombie (Vaults:3)
  3 human zombies
  56 nagas
  6 wargs
  5 death yak simulacra (IceCv)
  A glowing shapeshifter skeleton (Vaults:3)
  A hydra simulacrum (IceCv)
  6 acid dragons
  3 hell hounds (Orc:2)
  28 water moccasins
  2 black bears
  An ice beast (D:7)
  3 sky beasts
  An ettin simulacrum (Vaults:3)
  39 orc warriors
  8 ogres
  6 boggarts (Vaults:1)
  9 starcursed masses (Abyss:4)
  21 wolves
  4 phantoms
  6 centaurs
  4 kobold brigands
  10 bullfrogs
  3 earth elementals (Elf:1)
  A cane toad simulacrum (IceCv)
  A gnoll sergeant (D:7)
  A scorpion (D:8)
  A two-headed ogre simulacrum (IceCv)
  4 wights
  3 troll zombies (D:10)
  A hornet simulacrum (Gauntlet)
  6 killer bees (D:11)
  3 elephant simulacra (IceCv)
  2 howler monkeys
  7 electric eels
  2 centaur zombies (D:10)
  8 jellies
  6 hounds
  2 gnoll boudas
  15 orc priests
  Crazy Yiuf (D:4)
  3 sleepcaps
  7 small abominations
  Jessica (D:3)
  13 iguanas
  14 orc wizards
  6 hell rats
  5 polar bear simulacra (IceCv)
  2 spriggan simulacra (IceCv)
  6 wolf simulacra (IceCv)
  4 ogre zombies (D:10)
  A boggart simulacrum (Gauntlet)
  Robin (D:3)
  A howler monkey zombie (D:10)
  11 adders
  17 gnolls
  A naga simulacrum (IceCv)
  4 shadow imps
  5 white imps
  4 ufetubi
  A worm (D:5)
  A dart slug (D:2)
  85 orcs
  14 bats
  6 endoplasms
  2 giant cockroaches
  13 goblins
  8 hobgoblins
  23 kobolds
  6 quokkas
  4 ball pythons
  3 frilled lizards
  2 goblin skeletons (D:10)
  A hobgoblin skeleton (D:10)
  A hobgoblin zombie (D:10)
  2 orc skeletons (D:10)
  19 orc zombies (D:10)
  7 rats
  3 starspawn tentacles
  3 tentacles (Shoals:1)
2258 creatures vanquished.

Vanquished Creatures (collateral kills)
  2 caustic shrikes (Depths:4)
  Rupert (Lair:4)
  Zenata (Elf:1)
  A spriggan defender (Depths:4)
  2 deep elf annihilators (Elf:3)
  A merfolk impaler (Shoals:4)
  2 spriggan air magi (Depths:4)
  An ice dragon (Depths:4)
  An anaconda (Snake:4)
  A sea snake (Shoals:4)
  A deep elf archer (Elf:1)
  2 necromancers
  2 harpies (Shoals:4)
  A deep elf zephyrmancer (Elf:1)
  4 starcursed masses (Abyss:4)
  A merfolk siren (Shoals:4)
  A water nymph (Shoals:4)
  An ice devil (IceCv)
  2 hornets (Depths:4)
  3 raiju (Abyss:4)
  A spriggan (Depths:4)
  An air elemental (Abyss:4)
  A water elemental (Shoals:4)
  A redback (shapeshifter) (Vaults:3)
  An orc warrior (Orc:1)
  An ogre (Orc:1)
  A small abomination (Abyss:4)
  A starspawn tentacle (Abyss:4)
39 creatures vanquished.

Vanquished Creatures (others)
  A ghost moth (Zot:4)
  A draconian annihilator (Zot:4)
  4 deep elf knights (Elf:1)
  A guardian serpent (Snake:1)
  A centaur (Lair:5)
  A bush (Abyss:4)
  37 fungi
  99 plants
  3 starspawn tentacles (Abyss:4)
  5 tentacles (Shoals:1)
  4 withered plants
157 creatures vanquished.

Grand Total: 2454 creatures vanquished

Notes
Turn   | Place    | Note
-------+----------+-------------------------------------------
     0 | D:1      | emiel the Minotaur Berserker began the quest for the Orb.
     0 | D:1      | Reached XP level 1. HP: 19/19 MP: 0/0
   245 | D:1      | Reached XP level 2. HP: 26/26 MP: 1/1
   630 | D:1      | Reached skill level 5 in Axes
   970 | D:2      | Reached XP level 3. HP: 26/31 MP: 2/2
  1142 | D:2      | Reached ** piety under Trog
  1171 | D:2      | Found a shimmering altar of Xom.
  1743 | D:3      | Noticed Jessica
  1750 | D:3      | Killed Jessica
  1751 | D:3      | Reached XP level 4. HP: 40/40 MP: 3/3
  1958 | D:3      | Noticed Robin
  2078 | D:3      | Killed Robin
  2079 | D:3      | Reached skill level 4 in Fighting
  2384 | D:3      | Reached XP level 5. HP: 46/46 MP: 4/4
  2398 | D:3      | Gained mutation: You expend magic power (3 MP) to
                  | strengthen your wands. [potion of mutation]
  2505 | D:3      | Found a basalt altar of Yredelemnul.
  2507 | D:3      | Noticed a profane servitor
  2693 | D:3      | Found a glowing golden altar of the Shining One.
  2695 | D:3      | Noticed an angel
  3092 | D:4      | Reached XP level 6. HP: 53/53 MP: 5/5
  3208 | D:4      | Identified the +3 leather armour of Lonty {-Cast Dex+3
                  | Stlth+}
  3241 | D:4      | Reached skill level 5 in Fighting
  3471 | D:4      | Found a hazy altar of Hepliaklqana.
  3491 | D:4      | Reached XP level 7. HP: 61/61 MP: 6/6
  3594 | D:4      | Found a stormy altar of Qazlal.
  3652 | D:4      | Found a hide-covered altar of Uskayaw.
  3734 | D:4      | Found an iron altar of Okawaru.
  3832 | D:4      | Found a runed translucent door.
  3833 | D:4      | Noticed Crazy Yiuf
  3839 | D:4      | Killed Crazy Yiuf
  3893 | D:5      | Entered Level 5 of the Dungeon
  3913 | D:5      | Reached skill level 5 in Armour
  4083 | D:5      | Reached *** piety under Trog
  4084 | D:5      | Reached skill level 6 in Fighting
  4176 | D:5      | Found a bloodstained altar of Trog.
  4468 | D:5      | Reached skill level 5 in Dodging
  4684 | D:5      | Found a snail-covered altar of Cheibriados.
  4881 | D:6      | Reached XP level 8. HP: 66/70 MP: 7/7
  5131 | D:6      | Found a sacrificial altar of Ru.
  5237 | D:6      | Reached skill level 7 in Fighting
  5712 | D:7      | Found an ancient bone altar of Kikubaaqudgha.
  5713 | D:7      | Found a blossoming altar of Fedhas.
  5757 | D:7      | Reached **** piety under Trog
  6030 | D:7      | Found a shadowy altar of Dithmenos.
  6030 | D:7      | Found a radiant altar of Vehumet.
  6038 | D:7      | Found a shimmering altar of Xom.
  6040 | D:7      | Found a sparkling altar of Nemelex Xobeh.
  6042 | D:7      | Found a shimmering blue altar of Sif Muna.
  6172 | D:7      | Reached XP level 9. HP: 63/79 MP: 8/8
  6219 | D:7      | Found a staircase to the Ecumenical Temple.
  6442 | Temple   | Entered the Ecumenical Temple
  6701 | D:7      | Noticed Maggie
  6708 | D:7      | Killed Maggie
  6709 | D:7      | Reached skill level 8 in Fighting
  6936 | D:8      | Identified 3 scrolls of acquirement
  6936 | D:8      | Acquired a manual of Axes
  6947 | D:8      | Acquired 1324 gold pieces
  6949 | D:8      | Acquired the +5 plate armour of Dyqumu {rPois Stlth+}
  7057 | D:8      | Noticed a komodo dragon
  7068 | D:8      | Reached skill level 10 in Axes
  7076 | D:8      | Reached skill level 9 in Fighting
  7081 | D:8      | Killed a komodo dragon
  7082 | D:8      | Reached XP level 10. HP: 91/91 MP: 9/9
  7381 | D:8      | Found a staircase to the Lair.
  7682 | D:9      | Reached skill level 1 in Throwing
  7682 | D:9      | Reached skill level 1 in Evocations
  8025 | D:9      | Identified the +3 ring mail of Gestures {rPois}
  8252 | D:9      | Noticed Joseph
  8271 | D:9      | Killed Joseph
  8410 | D:9      | Noticed Grum
  8417 | D:9      | Reached skill level 10 in Fighting
  8420 | D:9      | Killed Grum
  8473 | D:9      | Noticed Gastronok
  8503 | D:9      | Killed Gastronok
  8504 | D:9      | Reached XP level 11. HP: 100/100 MP: 10/10
  8571 | D:9      | Noticed Psyche
  8574 | D:9      | Killed Psyche
  8704 | D:10     | Entered Level 10 of the Dungeon
  8725 | D:10     | Found a staircase to the Orcish Mines.
  8735 | D:10     | Reached skill level 10 in Armour
  8850 | D:10     | Reached ***** piety under Trog
  9052 | D:10     | Noticed a two-headed ogre
  9067 | D:10     | Killed a two-headed ogre
  9759 | Orc:1    | Entered Level 1 of the Orcish Mines
  9772 | Orc:1    | Noticed an orc sorcerer
  9789 | Orc:1    | Killed an orc sorcerer
  9818 | Orc:1    | Noticed an orc knight
  9828 | Orc:1    | Found a frozen archway.
  9835 | Orc:1    | Killed an orc knight
  9836 | Orc:1    | Reached skill level 11 in Fighting
  9888 | IceCv    | Entered an ice cave
 10227 | IceCv    | Reached skill level 5 in Throwing
 10310 | IceCv    | Found an ancient bone altar of Kikubaaqudgha.
 10314 | IceCv    | Reached skill level 10 in Dodging
 10314 | IceCv    | Reached XP level 12. HP: 110/110 MP: 4/11
 10328 | IceCv    | Reached skill level 5 in Evocations
 10622 | IceCv    | Received a gift from Trog
 10890 | IceCv    | Identified the ring of Zani Zim {rElec rPois rN+ Will+}
 10900 | IceCv    | Reached skill level 1 in Shields
 11345 | Orc:1    | Noticed an orc high priest
 11368 | Orc:1    | Killed an orc high priest
 11711 | Orc:1    | Found a runed translucent gate.
 11711 | Orc:1    | Found a runed translucent gate.
 11711 | Orc:1    | Found a runed translucent gate.
 11884 | Orc:1    | Found an iron altar of Okawaru.
 11884 | Orc:1    | Noticed a stone giant
 11884 | Orc:1    | Noticed a tengu warrior
 11884 | Orc:1    | Noticed a tengu warrior
 11884 | Orc:1    | Noticed Favehy's ghost (journeyman MiMo)
 11884 | Orc:1    | Identified the +3 bardiche of Incongruity {spect, rN+++}
 11998 | Lair:1   | Entered Level 1 of the Lair of Beasts
 12192 | Lair:1   | Reached skill level 12 in Fighting
 12232 | Lair:1   | Reached skill level 15 in Axes
 12616 | Lair:1   | Reached XP level 13. HP: 111/119 MP: 12/12
 12882 | Lair:1   | Noticed Sonja
 12888 | Lair:1   | Killed Sonja
 12974 | Lair:1   | Found a runed translucent door.
 12977 | Lair:1   | Noticed Phaedo's ghost (novice AtWr)
 13809 | Lair:2   | Found a staircase to the Shoals.
 14187 | Lair:3   | Found a staircase to the Snake Pit.
 14243 | Lair:3   | Reached skill level 5 in Shields
 14368 | Lair:3   | Noticed Urug
 14388 | Lair:3   | Killed Urug
 15014 | Lair:3   | Received a gift from Trog
 15452 | Lair:4   | Reached skill level 13 in Fighting
 15767 | Lair:4   | Noticed Snorg
 15780 | Lair:4   | Killed Snorg
 15981 | Lair:4   | Noticed Rupert
 15988 | Lair:4   | Killed Rupert
 15989 | Lair:4   | Reached XP level 14. HP: 129/129 MP: 13/13
 16364 | Lair:4   | Identified the ring of Xaigazi {Wiz rElec rF+ rC+ Dex+3}
 16733 | Lair:5   | Entered Level 5 of the Lair of Beasts
 17275 | Lair:5   | Found a staircase to the Slime Pits.
 17276 | Lair:5   | Found a viscous altar of Jiyva.
 17603 | Lair:5   | Identified the +7 shortbow of Trauma {freeze, rC++}
 17686 | Lair:5   | Found a sparkling altar of Nemelex Xobeh.
 17786 | Lair:5   | Found a runed translucent door.
 17887 | Lair:5   | Received a gift from Trog
 17891 | Lair:5   | Noticed Kirke
 17902 | Lair:5   | Noticed a sphinx
 17906 | Lair:5   | Killed Kirke
 18201 | Lair:5   | Acquired 843 gold pieces
 18705 | Orc:2    | Entered Level 2 of the Orcish Mines
 18711 | Orc:2    | Noticed Azrael
 18735 | Orc:1    | Killed Azrael
 18996 | Orc:2    | Reached skill level 14 in Fighting
 19260 | Orc:2    | Found Sinnih's Assorted Antiques.
 19260 | Orc:2    | Found Asyd's Jewellery Boutique.
 19590 | Orc:2    | Identified the +7 hand axe "Saaluwah" {heavy, rF+ rCorr}
                  | (Trog gifted it to you on level 2 of the Orcish Mines)
 19590 | Orc:2    | Received a gift from Trog
 19796 | Orc:2    | Found Tuteumeu's Weapon Emporium.
 19796 | Orc:2    | Found Epeux's Weapon Boutique.
 19833 | Orc:2    | Reached XP level 15. HP: 138/138 MP: 14/14
 19834 | Orc:2    | Found Byoc's Overcharged Wands.
 19995 | Orc:2    | Found a staircase to the Elven Halls.
 20383 | D:11     | Found Oneexas's Book Boutique.
 20399 | D:11     | Bought a manual of Dodging for 1280 gold pieces
 22403 | D:13     | Received a gift from Trog
 23190 | D:14     | Found a gate to the Vaults.
 23459 | D:15     | Entered Level 15 of the Dungeon
 23473 | D:15     | Found a gate leading to a gauntlet.
 23482 | Gauntlet | Entered a Gauntlet
 23482 | Gauntlet | Found a transporter.
 23489 | Gauntlet | Found a transporter.
 23491 | Gauntlet | Found a transporter.
 23505 | Gauntlet | Found a transporter.
 23507 | Gauntlet | Found a transporter.
 23515 | Gauntlet | Found a transporter.
 23530 | Gauntlet | Found a transporter.
 23531 | Gauntlet | Found the necklace of Bloodlust {Fury *Rage Will++ Int-3
                  | Slay+6}
 23541 | Gauntlet | Found a transporter.
 23553 | Gauntlet | Found a transporter.
 23568 | Gauntlet | Found a transporter.
 23583 | Gauntlet | Found a transporter.
 23583 | Gauntlet | Found a transporter.
 23623 | Gauntlet | Found a transporter.
 23637 | Gauntlet | Found a transporter.
 23796 | Gauntlet | Identified the +2 cloak "Coroaheh" {Will+}
 23838 | Gauntlet | Identified the +11 flail "Temuh" {flame, Str-3 Int+5}
 23899 | Gauntlet | Identified the +5 halberd of the Thing {antimagic, rC-
                  | Int+6 Dex+3}
 23899 | Gauntlet | Identified the +3 trident of Valour {flame, rC- Dex+4}
 24013 | D:15     | Received a gift from Trog
 24016 | D:15     | Reached skill level 10 in Throwing
 24374 | D:15     | Reached skill level 15 in Fighting
 24710 | D:15     | Found a staircase to the Depths.
 24983 | Elf:1    | Entered Level 1 of the Elven Halls
 24996 | Elf:1    | Reached XP level 16. HP: 139/149 MP: 15/15
 25080 | Elf:1    | Reached ****** piety under Trog
 25081 | Elf:1    | Reached skill level 10 in Shields
 25156 | Elf:1    | Received a gift from Trog
 25438 | Elf:1    | Reached skill level 15 in Armour
 25477 | Elf:1    | Reached skill level 15 in Dodging
 25496 | Elf:1    | Paralysed by an air elemental for 1 turns
 25536 | Elf:1    | Noticed Zenata
 25547 | Abyss:3  | Found a corrupted altar of Lugonu.
 25547 | Abyss:3  | Cast into level 3 of the Abyss (+2 glaive of distortion)
 25611 | Abyss:3  | Gained mutation: Your body sometimes deteriorates upon
                  | taking damage. [a neqoxec]
 25620 | Abyss:3  | Gained mutation: You are weak. (Str -2) [a neqoxec]
 25631 | Abyss:3  | Gained mutation: You are dopey. (Int -2) [a cacodemon]
 25633 | Abyss:3  | Gained mutation: Potions are less effective at restoring
                  | your health. [a cacodemon]
 25657 | Abyss:3  | Noticed a tentacled starspawn
 25666 | Abyss:3  | Killed a tentacled starspawn
 25676 | Abyss:3  | Reached skill level 10 in Evocations
 25688 | Elf:1    | Escaped the Abyss
 25701 | Elf:1    | Killed Zenata
 26014 | Elf:1    | Noticed vlam's ghost (journeyman HOFi)
 26015 | Elf:1    | Noticed Ravumij's ghost (adept SpEn)
 26020 | Elf:1    | Found a runed translucent gate.
 26020 | Elf:1    | Noticed emiel's ghost (adept DsBe)
 26021 | Elf:1    | Found a runed translucent gate.
 26021 | Elf:1    | Found a runed translucent gate.
 26021 | Elf:1    | Noticed Mayja's ghost (veteran DDBe)
 26122 | Elf:1    | Found the +9 sword of Zonguldrok {reap}
 26407 | Elf:1    | Found Feonim's Antique Armour Emporium.
 26688 | Elf:1    | Lost mutation: You are weak. (Str -2) [potion of mutation]
 26688 | Elf:1    | Lost mutation: Your body sometimes deteriorates upon taking
                  | damage. [potion of mutation]
 26688 | Elf:1    | Lost mutation: Potions are less effective at restoring your
                  | health. [potion of mutation]
 26688 | Elf:1    | Gained mutation: Your magical capacity is low. (-10% MP)
                  | [potion of mutation]
 26688 | Elf:1    | Gained mutation: Potions are less effective at restoring
                  | your health. [potion of mutation]
 26689 | Elf:1    | Lost mutation: You expend magic power (3 MP) to strengthen
                  | your wands. [potion of mutation]
 26689 | Elf:1    | Lost mutation: You are dopey. (Int -2) [potion of mutation]
 26689 | Elf:1    | Gained mutation: You occasionally lose the ability to read
                  | scrolls when taking damage. [potion of mutation]
 26689 | Elf:1    | Gained mutation: You are frail. (-10% HP) [potion of
                  | mutation]
 26689 | Elf:1    | Gained mutation: You are very frail. (-20% HP) [potion of
                  | mutation]
 26690 | Elf:1    | Lost mutation: Potions are less effective at restoring your
                  | health. [potion of mutation]
 26690 | Elf:1    | Lost mutation: You are very frail. (-20% HP) [potion of
                  | mutation]
 26690 | Elf:1    | Lost mutation: You are frail. (-10% HP) [potion of
                  | mutation]
 26690 | Elf:1    | Gained mutation: You are partially covered in iridescent
                  | scales. (AC +2) [potion of mutation]
 26690 | Elf:1    | Gained mutation: You passively dampen the noise of your
                  | surroundings. [potion of mutation]
 26691 | Elf:1    | Lost mutation: You are partially covered in iridescent
                  | scales. (AC +2) [potion of mutation]
 26691 | Elf:1    | Lost mutation: Your magical capacity is low. (-10% MP)
                  | [potion of mutation]
 26691 | Elf:1    | Gained mutation: You are partially covered in iridescent
                  | scales. (AC +2) [potion of mutation]
 26691 | Elf:1    | Gained mutation: Armour fits poorly on your strangely
                  | shaped body. [potion of mutation]
 26691 | Elf:1    | Gained mutation: You are somewhat resistant to further
                  | mutation. [potion of mutation]
 26820 | Elf:2    | Received a gift from Trog
 27338 | Elf:2    | Paralysed by an air elemental for 1 turns
 27361 | Elf:2    | Found Biomaocw's Book Shop.
 27364 | Elf:2    | Found a huge runed gate.
 27365 | Elf:2    | Found a huge runed gate.
 27365 | Elf:2    | Found a huge runed gate.
 27366 | Elf:2    | Found a huge runed gate.
 27366 | Elf:2    | Found a huge runed gate.
 27367 | Elf:2    | Found a huge runed gate.
 27367 | Elf:2    | Found a huge runed gate.
 27368 | Elf:2    | Found a huge runed gate.
 27368 | Elf:2    | Found a huge runed gate.
 27369 | Elf:2    | Found a huge runed gate.
 27382 | Elf:2    | Found a huge runed gate.
 27382 | Elf:2    | Found a huge runed gate.
 27382 | Elf:2    | Found a huge runed gate.
 27382 | Elf:2    | Found a huge runed gate.
 27382 | Elf:2    | Found a huge runed gate.
 27382 | Elf:2    | Found a huge runed gate.
 27383 | Elf:2    | Found a huge runed gate.
 27384 | Elf:2    | Found a huge runed gate.
 27385 | Elf:2    | Found a huge runed gate.
 27400 | Elf:2    | Found a huge runed gate.
 27400 | Elf:2    | Found a huge runed gate.
 27400 | Elf:2    | Found a huge runed gate.
 27400 | Elf:2    | Found a huge runed gate.
 27400 | Elf:2    | Found a huge runed gate.
 27400 | Elf:2    | Found a huge runed gate.
 27413 | Elf:2    | Found a huge runed gate.
 27437 | Elf:2    | Found a huge runed gate.
 27438 | Elf:2    | Found a huge runed gate.
 27446 | Elf:2    | Found a huge runed gate.
 27446 | Elf:2    | Found a huge runed gate.
 27446 | Elf:2    | Found a huge runed gate.
 27446 | Elf:2    | Found a huge runed gate.
 27446 | Elf:2    | Found a huge runed gate.
 27446 | Elf:2    | Found a huge runed gate.
 27447 | Elf:2    | Found a huge runed gate.
 27448 | Elf:2    | Found a huge runed gate.
 27508 | Elf:2    | Found an ancient bone altar of Kikubaaqudgha.
 27547 | Elf:2    | Paralysed by an air elemental for 1 turns
 27668 | Elf:2    | Found a runed translucent gate.
 27668 | Elf:2    | Found a runed translucent gate.
 27668 | Elf:2    | Found a runed translucent gate.
 27939 | Snake:1  | Entered Level 1 of the Snake Pit
 27948 | Snake:1  | Reached skill level 16 in Fighting
 28144 | Snake:1  | Reached XP level 17. HP: 158/158 MP: 16/16
 28364 | Snake:1  | Received a gift from Trog
 30110 | Snake:2  | Received a gift from Trog
 30883 | Snake:3  | Noticed Vashnia
 30915 | Snake:3  | Killed Vashnia
 31852 | Snake:4  | Entered Level 4 of the Snake Pit
 31909 | Snake:4  | Received a gift from Trog
 32155 | Snake:4  | Reached skill level 17 in Fighting
 32221 | Snake:4  | Found Ocodisymi's Assorted Antiques.
 32224 | Snake:4  | Found Ququin Puuth's Armour Shop.
 32271 | Snake:4  | Found Veixijog's Antique Weapon Boutique.
 32283 | Snake:4  | Bought a condenser vane for 1280 gold pieces
 32283 | Snake:4  | Bought a scroll of blinking for 240 gold pieces
 32319 | Snake:4  | Reached XP level 18. HP: 128/169 MP: 17/17
 32400 | Snake:4  | Noticed Mara
 32406 | Snake:4  | Noticed emiel's illusion
 32600 | Snake:4  | Received a gift from Trog
 33282 | Snake:4  | Noticed Aizul
 33292 | Snake:4  | Killed Aizul
 33386 | Snake:4  | Identified the +7 ring mail of the Alphagorgon {rC+ Int+2
                  | Stlth+}
 33893 | Snake:4  | Noticed emiel's illusion
 33912 | Snake:4  | Noticed emiel's illusion
 33925 | Snake:4  | Noticed emiel's illusion
 33925 | Snake:4  | Killed Mara
 34374 | Snake:4  | Got a serpentine rune of Zot
 34552 | Shoals:1 | Entered Level 1 of the Shoals
 34778 | Shoals:1 | Received a gift from Trog
 34997 | Shoals:1 | Identified the +5 war axe of Rivaad {drain, *Corrode rN+
                  | Will+ Str+2}
 35088 | Shoals:1 | Found a shimmering altar of Xom.
 35919 | Shoals:2 | Noticed Polyphemus
 35927 | Shoals:2 | Killed Polyphemus
 36308 | Shoals:2 | Received a gift from Trog
 36309 | Shoals:2 | Reached XP level 19. HP: 179/179 MP: 18/18
 36469 | Shoals:2 | Reached skill level 18 in Fighting
 36747 | Shoals:3 | Lost mutation: You passively dampen the noise of your
                  | surroundings. [potion of mutation]
 36747 | Shoals:3 | Lost mutation: You occasionally lose the ability to read
                  | scrolls when taking damage. [potion of mutation]
 36747 | Shoals:3 | Lost mutation: Armour fits poorly on your strangely shaped
                  | body. [potion of mutation]
 36747 | Shoals:3 | Gained mutation: Armour fits poorly on your strangely
                  | shaped body. [potion of mutation]
 37048 | Shoals:4 | Entered Level 4 of the Shoals
 37342 | Shoals:4 | Identified the staff of cold "Opoclukh" {rC+ Int+5}
 38278 | Shoals:4 | Identified the +0 robe of Vumempola {Harm rElec MP+9 Str-4}
 38287 | Shoals:4 | Got a barnacled rune of Zot
 38680 | Shoals:4 | Received a gift from Trog
 39417 | Elf:3    | Entered Level 3 of the Elven Halls
 39744 | Elf:3    | Found Duofet's Self-Improvement Boutique.
 40472 | Elf:3    | Received a gift from Trog
 40509 | Elf:3    | Noticed a Tzitzimitl
 40821 | Elf:3    | Reached skill level 15 in Shields
 41486 | Elf:3    | Identified the ring "Egaomn" {rElec rF+ Dex+6}
 41496 | Elf:3    | Reached XP level 20. HP: 96/184 MP: 19/19
 41708 | Elf:3    | Identified the amulet "Hofah" {Regen+ rCorr SInv Stlth-}
 41713 | Elf:3    | Identified the ring "Yhynet" {*Slow rC+ rN+ MP+9}
 41722 | Elf:3    | Identified the +0 leather armour of Byinar {Str+4 Int-5
                  | SInv}
 41729 | Elf:3    | Identified the +5 lajatang of Kynkopn {spect, Int+2}
 41771 | Elf:3    | Identified the +0 scale mail of Juwast {rC- Dex+6 Slay+2
                  | Stlth+}
 42111 | Vaults:1 | Entered Level 1 of the Vaults
 42187 | Vaults:1 | Received a gift from Trog
 42236 | Vaults:1 | Reached skill level 19 in Fighting
 42551 | Vaults:1 | Found Laxeh's Jewellery Emporium.
 42557 | Vaults:1 | Bought the ring "Yvoysey" {rN+++ rCorr Stlth-} for 838 gold
                  | pieces
 43248 | Vaults:1 | Found Garelouh's Armour Shop.
 43459 | Vaults:1 | Paralysed by a sphinx for 4 turns
 45031 | Vaults:2 | Reached skill level 15 in Throwing
 45151 | Vaults:2 | Reached XP level 21. HP: 200/200 MP: 20/20
 45162 | Vaults:2 | Identified the +3 short sword of Duona {vamp, rF+ Int+3
                  | Dex-5 SInv}
 45218 | Vaults:2 | You fall into a shaft and drop 1 floor!
 45585 | Vaults:3 | Found Jithruul's Assorted Antiques.
 45592 | Vaults:3 | Bought a scroll of teleportation for 87 gold pieces
 45610 | Vaults:3 | Identified the +3 lajatang "Kaotutuo" {flame, rElec rF+}
                  | (Trog gifted it to you on level 3 of the Vaults)
 45610 | Vaults:3 | Received a gift from Trog
 45723 | Vaults:3 | Found a staircase to the Crypt.
 46125 | Vaults:3 | Identified the +1 pair of boots "Anuehon" {Harm *Corrode
                  | rPois Will+ Dex+2}
 46314 | Vaults:3 | Found a transporter.
 46325 | Vaults:3 | Found a transporter.
 46343 | Vaults:3 | Reached skill level 20 in Fighting
 46368 | Vaults:3 | Identified the ring of Twilight {rPois EV+5 Int+3 Dex+3}
 46774 | Elf:1    | Killed vlam's ghost
 46778 | Abyss:3  | Found a sparkling altar of Nemelex Xobeh.
 46778 | Abyss:3  | Cast into level 3 of the Abyss (Ravumij's ghost)
 46887 | Abyss:3  | Received a gift from Trog
 46933 | Abyss:3  | Found a corrupted altar of Lugonu.
 46936 | Abyss:3  | Found a corrupted altar of Lugonu.
 47134 | Abyss:4  | Noticed a profane servitor
 47150 | Abyss:4  | Killed a profane servitor
 47182 | Elf:1    | Escaped the Abyss
 47258 | Elf:1    | Killed emiel's ghost
 47485 | Elf:1    | Killed Ravumij's ghost
 47516 | Elf:1    | Identified the ring of Seit {Wiz Int+5}
 48249 | Vaults:4 | Received a gift from Trog
 48303 | Vaults:4 | Found Teiniw's Magic Scroll Emporium.
 48311 | Vaults:4 | Bought a scroll of fear for 68 gold pieces
 48311 | Vaults:4 | Bought a scroll of teleportation for 51 gold pieces
 48361 | Vaults:4 | Noticed Frederick
 48376 | Vaults:4 | Killed Frederick
 48895 | Vaults:4 | Reached XP level 22. HP: 158/211 MP: 21/21
 49882 | Depths:1 | Entered Level 1 of the Depths
 49960 | Depths:1 | Found a gateway to Hell.
 50255 | Depths:1 | Found a one-way gate to the infinite horrors of the Abyss.
 50280 | Depths:1 | Received a gift from Trog
 50544 | Depths:1 | Reached skill level 15 in Evocations
 50877 | Depths:2 | Reached skill level 21 in Fighting
 51207 | Depths:2 | Noticed a juggernaut
 51672 | Depths:2 | Received a gift from Trog
 51947 | Depths:2 | Killed a juggernaut
 52318 | Depths:2 | Found a one-way gate leading to the halls of Pandemonium.
 52496 | Depths:3 | Noticed a caustic shrike
 52496 | Depths:3 | Noticed a juggernaut
 52505 | Depths:2 | Reached XP level 23. HP: 221/221 MP: 22/22
 52860 | Depths:3 | Found a one-way gateway to a ziggurat.
 52881 | Depths:3 | Found Ruteiss's Antique Armour Shoppe.
 52892 | Depths:3 | Received a gift from Trog
 52900 | Depths:3 | Bought a steaming plate armour for 1148 gold pieces
 52900 | Depths:3 | Identified the +5 plate armour of Fukhiac {Dex+3} (You
                  | bought it in a shop on level 3 of the Depths)
 52943 | Depths:3 | Found an ornate altar of the Wu Jian Council.
 53473 | Depths:4 | Entered Level 4 of the Depths
 53476 | Depths:4 | Noticed Mennas
 53488 | Depths:4 | Noticed a juggernaut
 53507 | Depths:4 | Killed a juggernaut
 53517 | Depths:4 | Killed Mennas
 53725 | Depths:4 | Identified the +6 hand axe of emiel's Imminent Death
                  | {drain, rCorr Str+3}
 53729 | Depths:4 | Noticed a caustic shrike
 53731 | Depths:4 | Noticed a caustic shrike
 53732 | Depths:4 | Noticed a caustic shrike
 53738 | Depths:4 | Killed a caustic shrike
 53740 | Depths:4 | Killed a caustic shrike
 53743 | Depths:4 | Killed a caustic shrike
 53893 | Depths:4 | Noticed a juggernaut
 53905 | Depths:4 | Killed a juggernaut
 54036 | Depths:4 | Found a gate to the Realm of Zot.
 54087 | Depths:4 | Noticed a caustic shrike
 54103 | Depths:4 | Killed a caustic shrike
 54696 | Depths:4 | Reached skill level 22 in Fighting
 55465 | Vaults:5 | Entered Level 5 of the Vaults
 55593 | Vaults:5 | Noticed an ancient lich
 55674 | Vaults:5 | Killed an ancient lich
 55677 | Vaults:5 | Received a gift from Trog
 55688 | Abyss:4  | Cast into level 4 of the Abyss (vault guard)
 55723 | Abyss:4  | Found a shimmering altar of Xom.
 55723 | Abyss:4  | Found a shimmering altar of Xom.
 55723 | Abyss:4  | Found a shimmering altar of Xom.
 55723 | Abyss:4  | Found a shimmering altar of Xom.
 55724 | Abyss:4  | Found a shimmering altar of Xom.
 55724 | Abyss:4  | Found a shimmering altar of Xom.
 55724 | Abyss:4  | Found a shimmering altar of Xom.
 55724 | Abyss:4  | Found a corrupted altar of Lugonu.
 55724 | Abyss:4  | Found a shimmering altar of Xom.
 55724 | Abyss:4  | Found a shimmering altar of Xom.
 55724 | Abyss:4  | Found a shimmering altar of Xom.
 55827 | Abyss:4  | Got an abyssal rune of Zot
 55828 | Abyss:4  | Lost intelligence.
 55866 | Vaults:5 | Escaped the Abyss
 56866 | Vaults:5 | Reached XP level 24. HP: 185/185 MP: 17/22
 56903 | Vaults:5 | Noticed an ancient lich
 57010 | Vaults:5 | Killed an ancient lich
 57520 | Vaults:5 | Identified the ring of the Sharing Pariah {rPois rN++ Str+6
                  | Dex-5}
 58096 | Vaults:5 | Noticed an ancient lich
 58108 | Vaults:5 | Killed an ancient lich
 58255 | Vaults:5 | Got a silver rune of Zot
 58376 | Vaults:5 | Identified the ring of Xeivuv {rCorr Int+2 Stlth+}
 58400 | Vaults:5 | Identified the +9 falchion of the Silent Majority {freeze,
                  | Will+}
 58407 | Vaults:5 | Identified the +0 scale mail of Sunlight {Dex+4}
 58526 | Vaults:5 | Received a gift from Trog
 58586 | Vaults:5 | Noticed an ancient lich
 58595 | Vaults:5 | Killed an ancient lich
 59228 | Orc:2    | Bought a potion of heal wounds for 140 gold pieces
 59482 | Zot:1    | Entered Level 1 of the Realm of Zot
 60451 | Zot:1    | You fall into a shaft and drop 1 floor!
 61046 | Zot:1    | Reached skill level 23 in Fighting
 62072 | Zot:2    | Reached XP level 25. HP: 227/243 MP: 22/22
 62438 | Zot:3    | Received a gift from Trog
 62626 | Zot:3    | Noticed an ancient lich
 62649 | Zot:3    | Found a transporter.
 62923 | Zot:3    | Noticed Vv
 62942 | Zot:3    | Killed Vv
 63527 | Zot:3    | Identified the ring of Qibreocse {Will+ rCorr Int+3}
 63528 | Zot:3    | Found a transporter.
 64462 | Zot:4    | Found a transporter.
 64530 | Zot:4    | Found the +0 mask of the Dragon {Will+ Slay+3 SInv}
 64533 | Zot:4    | Found the +7 captain's cutlass {speed, disarm}
 65332 | Zot:4    | Received a gift from Trog
 65441 | Zot:5    | Entered Level 5 of the Realm of Zot
 66471 | Zot:5    | Noticed an ancient lich
 66688 | Zot:5    | Killed an ancient lich
 66843 | Zot:5    | Noticed an orb of fire
 66848 | Zot:5    | Killed an orb of fire
 66888 | Zot:5    | Noticed an orb of fire
 66894 | Zot:5    | Noticed an orb of fire
 66900 | Zot:5    | Noticed a Killer Klown
 66903 | Zot:5    | Killed an orb of fire
 66916 | Zot:5    | Killed an orb of fire
 66931 | Zot:5    | Killed a Killer Klown
 67297 | Zot:5    | Noticed an orb of fire
 67318 | Zot:5    | Killed an orb of fire
 67395 | Zot:5    | Noticed a Killer Klown
 67403 | Zot:5    | a Killer Klown changed into a rockslime
 67418 | Zot:5    | Reached XP level 26. HP: 221/254 MP: 22/22
 67460 | Zot:5    | Reached skill level 24 in Fighting
 67579 | Zot:5    | Received a gift from Trog
 67636 | Zot:5    | Got the Orb of Zot
 67813 | Zot:1    | Noticed a seraph
 68274 | D:$      | Escaped with the Orb!

Illustrated notes

Levels and vault maps discovered:
D:1:      minmay_arrival_stair_chambers, layout_loops_ring, minmay_hexomino_u4
D:2:      layout_loops_ring, basic_altar
D:3:      layout_loops_ring, grunt_temple_overflow_holy_war, chequers_big_river,
          dreamdust_princess_bridge, uniq_jessica, uniq_robin
D:4:      layout_cave_pools, mainiacjoe_overflow_paths,
          nicolae_qazlal_scattered_showers, nzn_hepliaklqana_mist_gate,
          kennysheep_okawaru_gauntlet, uniq_crazy_yiuf_cottage
D:5:      layout_loops_ring, slow_altar_2, lightli_temple_of_fire,
          roderic_batcave
D:6:      layout_rooms, nicolae_ru_great_annihilating_truth, grunt_ministairs_8
D:7:      layout_basic, grunt_temple_overflow_growth_and_decay,
          chequers_temple_overflow_minitemple, minmay_temple_entry_mini_moons,
          uniq_maggie
D:8:      layout_loops_ring, grunt_lair_entry_orc_guard_hut, dk_noncrumbling_4
D:9:      nicolae_cairo_tiling_large_dashed, layout_irregular_city, uniq_grum,
          uniq_psyche, uniq_joseph, uniq_gastronok
D:10:     layout_small_grid, zombieorc2_lemuel, serial_undead, serial_undead_f,
          serial_undead_e, serial_undead_f, serial_undead_c, serial_undead_b,
          serial_undead_c, hangedman_fish_farm
D:11:     layout_loops_ring, serial_shops, nicolae_shop_tiny_statue_garden
D:12:     layout_basic
D:13:     layout_rooms, st_stairs_2
D:14:     layout_cross, erik_vaults_2
D:15:     grunt_enter_depths_hoard, layout_irregular_city,
          gauntlet_entry_generic, serial_bayou, serial_bayou_shore_b,
          serial_bayou_pond_c, serial_bayou_shore_b, serial_bayou_ford_a,
          palyth_stone_intersect
Temple:   nicolae_temple_superstar
Lair:1:   layout_cave_pods, ebering_ghost_reflecting_pool, beast_lair_carwin_10,
          infiniplex_staircase_pool_2, grunt_megastairs_4, lemuel_fruit_tree,
          uniq_sonja
Lair:2:   layout_cave_shapes, nicolae_shoals_entry_flooding,
          lemuel_fruit_fields, serial_bayou_shore_a
Lair:3:   layout_gridlike, minmay_snake_entry_six_corridors, serial_forest,
          infiniplex_forest_lined_4_way, infiniplex_forest_lined_2,
          infiniplex_forest_diagonal, infiniplex_forest_clump_small,
          infiniplex_forest_straight_2, grunt_megastairs_5, uniq_urug
Lair:4:   nzn_winding_woodlands_small [nzn_winding_woodlands_5x15_lazy_stream,
          nzn_winding_woodlands_center_diamonds,
          nzn_winding_woodlands_5x15_cabin], layout_small_grid,
          infiniplex_staircase_pool, lemuel_fruit_fields, uniq_snorg,
          uniq_rupert
Lair:5:   wormcave, layout_cave_pods, guppyfry_lair_end_dragon, slime_entry_1,
          lemuel_centaur_altar, uniq_kirke
Shoals:1: layout_shoals, wheals_shoals_ruined_temple
Shoals:2: layout_shoals, uniq_polyphemus
Shoals:3: layout_shoals
Shoals:4: shoals_end_hangedman, layout_shoals
Snake:1:  layout_gridlike, grunt_ministairs_12, drop_trap
Snake:2:  layout_chambers
Snake:3:  layout_basic, uniq_vashnia
Snake:4:  grunt_snake_rune_serpentine_throne, layout_cave_town,
          minmay_shop_star, serial_bayou_shore_b, uniq_aizul, uniq_mara
Orc:1:    layout_caves, portal_ice_cave_entry_pillars_2,
          gammafunk_ghost_fury_of_okawaru
Orc:2:    st_orc_town, layout_caves, nicolae_shop_overcharged_wands, uniq_azrael
Elf:1:    eino_elf_arrival_the_gate, layout_loops_corners, serial_shops, shop,
          gammafunk_ghost_cemetery, minmay_elf_demonology, uniq_zenata
Elf:2:    elven_hall_of_blades_hangedman_original
          [nicolae_blade_entry_antechamber], layout_onion_city, serial_shops,
          shop, basic_altar, door_vault
Elf:3:    minmay_elf_hall_four_x, layout_geoelf_castle, grunt_ministairs_14,
          nicolae_shop_self_help
Vaults:1: v_misc_28, v_misc_29, nicolae_vaults_offset_grid_hallway_2,
          nicolae_vaults_trapezoid_lopsided_4,
          nicolae_vaults_taking_the_gang_shopping, grunt_vaults_focal,
          ontoclasm_vaults_spin, v_rooms_4, v_misc_2, nicolae_vaults_asterisk,
          layout_vaults_omnigrid, serial_shops, nicolae_square_shop
Vaults:2: nicolae_vaults_octothorpe, v_misc_22, grunt_vaults_funnel,
          nicolae_vaults_weapon_check, v_misc_5, nicolae_vaults_theta,
          nicolae_vaults_circle_grid_a, nicolae_vaults_shipping_containers_7,
          ontoclasm_vaults_chip, layout_vaults_big_room
Vaults:3: vaults_dpeg_hooks, nicolae_vaults_alarming, vaults_dpeg_spiral,
          gammafunk_sealed_arena, nicolae_vaults_wine_cellar,
          minmay_crypt_entry_vampire_xt, v_misc_28,
          nicolae_vaults_cornered_office, vaults_dpeg_ring,
          nicolae_vaults_three_branches, ontoclasm_vaults_ring_small,
          nicolae_vaults_lightning_bolt, nicolae_vaults_trapezoid_1,
          nicolae_vaults_variable_pillar_hall, layout_vaults_omnibox,
          serial_shops, nicolae_shop_window_shopping
Vaults:4: v_misc_4, v_misc_3, nicolae_vaults_door_testing_chamber,
          nicolae_vaults_shrinking_rooms_1, nicolae_vaults_little_guard_posts,
          nicolae_vaults_what_the_h, nicolae_vaults_tetromino_T_2,
          nicolae_vaults_trapezoid_2, nicolae_vaults_double_plus_2,
          nicolae_vaults_heist, hangedman_vaults_corner_blocks,
          layout_vaults_maze_bifur, serial_shops, nicolae_shop_tiny_glass,
          uniq_margery, uniq_frederick
Vaults:5
Depths:1: layout_gridville, kennysheep_flooded_box, abyss_entry,
          pf_hell_entry_tar_river, kennysheep_generic_room_7, grunt_megastairs_3
Depths:2: minmay_bloctagon, layout_cave_shapes, hell_entry, special_room
          [special_room_mythical_zoo], rand_demon_pan_entry_9,
          minmay_misc_feat_four_crosses
Depths:3: minmay_connected_triangles_in_corner, layout_cave_pools,
          enter_ziggurat_c, serial_shops, shop, pf_coc_iceberg,
          minmay_room_of_horrors, nzn_wu_jian_council_hall
Depths:4: grunt_zot_entry_funnels, layout_gridville, minmay_misc_feat_diagonals,
          hell_entry, uniq_mennas
Zot:1:    layout_onion_interference
Zot:2:    layout_onion
Zot:3:    gammafunk_the_bubble [the_bubble_gammafunk_crates], layout_gridlike,
          uniq_vv
Zot:4:    layout_basic, bh_zot_lava_cross,
          chequers_guarded_unrand_mask_of_the_dragon
Zot:5:    layout_gridlike, st_stairs_4

Skill      XL: |  1  2  3  4  5  6  7  8  9 10 11 12 13 14 15 16 17 18 19 20 21 22 23 24 25 26 |
---------------+-------------------------------------------------------------------------------+-----
Axes           | 4 5 6 7 8 10 12 14 15 16 17 18 | 18.0
Fighting       | 4 5 6 7 9 10 11 12 13 14 15 16 17 18 19 20 21 22 23 24 | 24.1
Armour         | 3 4 5 7 8 9 11 12 13 14 15 16 17 18 19 20 21 22 23 | 23.9
Dodging        | 3 4 5 6 7 9 10 11 12 14 16 17 18 19 20 21 22 23 | 23.8
Throwing       | 3 5 6 7 9 10 11 12 13 14 15 16 17 18 19 | 19.4
Evocations     | 3 4 6 7 8 9 10 11 12 13 14 15 16 17 | 17.9
Shields        | 3 6 8 9 11 12 14 15 16 17 18 19 20 21 | 21.6

Action                     |  1- 3 |  4- 6 |  7- 9 | 10-12 | 13-15 | 16-18 | 19-21 | 22-24 | 25-27 || total
---------------------------+-------+-------+-------+-------+-------+-------+-------+-------+-------++-------
  Melee: Hand axe          |    93 |   135 |   299 |   583 |   251 |       |       |       |       ||  1361
         Headbutt          |     9 |    16 |    50 |   163 |   293 |   303 |   298 |   453 |   214 ||  1799
         Punch             |       |       |     3 |     5 |       |       |       |       |       ||     8
         Whip              |       |       |       |    97 |    15 |       |       |       |       ||   112
         War axe           |       |       |       |       |   991 |   247 |       |       |       ||  1238
         Broad axe         |       |       |       |       |       |  1065 |  1142 |  1435 |   679 ||  4321
  Throw: Throwing net      |       |       |     2 |       |       |       |     1 |       |       ||     3
         Javelin           |       |       |       |       |       |       |       |       |    10 ||    10
 Invoke: Berserk           |     1 |     6 |    10 |    15 |    10 |     7 |     4 |    16 |    11 ||    80
         Trog's Hand       |     1 |     1 |       |     4 |     5 |     4 |    20 |    13 |     4 ||    52
         Brothers in Arms  |       |       |       |     2 |     1 |     3 |     8 |     6 |     2 ||    22
  Evoke: Wand              |       |       |       |     6 |     8 |       |     8 |     6 |     3 ||    31
         Lightning rod     |       |       |       |       |       |       |     5 |       |       ||     5
         Condenser vane    |       |       |       |       |       |       |     2 |       |     1 ||     3
    Use: Scroll            |     5 |     1 |     7 |    12 |    12 |     3 |    14 |    10 |     4 ||    68
         Potion            |       |     2 |       |     1 |       |     4 |     4 |     4 |     2 ||    17
   Stab: Paralysed         |       |       |     1 |       |    10 |       |     2 |       |       ||    13
         Distracted        |       |       |       |       |     1 |       |     1 |       |       ||     2
         Petrified         |       |       |       |       |       |     5 |       |       |       ||     5
         Held in net/web   |       |       |       |       |       |       |     1 |       |       ||     1
 Armour: Ring mail         |    29 |    24 |       |       |       |       |       |       |       ||    53
         Chain mail        |       |    48 |    93 |       |       |       |       |       |       ||   141
         Plate armour      |       |       |    11 |   271 |   606 |   577 |   431 |   351 |       ||  2247
         Gold dragon scale |       |       |       |       |       |       |       |    78 |   204 ||   282
  Dodge: Dodged            |    63 |    81 |   199 |   366 |   539 |   558 |   492 |   564 |   225 ||  3087
  Block: Buckler           |       |       |       |    62 |   395 |   193 |       |       |       ||   650
         Kite shield       |       |       |       |       |       |   395 |   859 |   544 |       ||  1798
         Reflection        |       |       |       |       |       |       |    52 |    49 |    14 ||   115
         Tower shield      |       |       |       |       |       |       |       |   991 |   702 ||  1693
